 Dungeon Crawl Stone Soup version 0.23.2 (webtiles) character file.

Game seed: 2571923173977593269

311 Fang the Skirmisher (level 6, -7/39 HPs)
             Began as a Gargoyle Berserker on Apr 4, 2019.
             Was a Priest of Trog.
             Killed from afar by Dowan (13 damage)
             ... with a stone arrow
             ... on level 4 of the Dungeon.
             The game lasted 00:02:59 (3491 turns).

Fang the Skirmisher (Gargoyle Berserker)            Turns: 3491, Time: 00:03:00

Health: -7/39      AC:  6    Str: 23    XL:     6   Next: 42%
Magic:  6/6        EV: 13    Int:  7    God:    Trog [***...]
Gold:   135        SH:  0    Dex:  9    Spells: 5/5 levels left

rFire    . . .     SeeInvis .   a - +0 hand axe
rCold    . . .     Gourm    .   (no shield)
rNeg     + . .     Faith    .   b - +0 animal skin
rPois    ∞         Spirit   .   (no helmet)
rElec    +         Reflect  .   (no cloak)
rCorr    .         Harm     .   (no gloves)
MR       ++...                  (no boots)
Stlth    +.........             (no amulet)
HPRegen  1.13/turn              p - +1 ring of evasion
MPRegen  0.10/turn              (no ring)

@: berserk cooldown, regenerating, slowed, very slow
A: negative energy resistance 1, electricity resistance, unbreathing,
petrification resistance, rot immunity, AC +4
a: Berserk, Trog's Hand, Renounce Religion


You were on level 4 of the Dungeon.
You worshipped Trog.
Trog was most pleased with you.
You were very hungry.

You visited 1 branch of the dungeon, and saw 4 of its levels.
You also visited: Sewer.

You collected 135 gold pieces.

Inventory:

Hand Weapons
 a - a +0 hand axe (weapon)
Armour
 b - a +0 animal skin (worn)
Jewellery
 p - a +1 ring of evasion (left hand)
Scrolls
 e - 3 scrolls of teleportation {unknown}
 i - 2 scrolls of blinking {unknown}
 j - a scroll of fear {unknown}
 k - 3 scrolls of identify {unknown}
 l - a scroll of enchant weapon {unknown}
 m - a scroll of enchant armour {unknown}
 o - a scroll of fog {unknown}
 r - a scroll of noise {unknown}
Potions
 d - 4 potions of might {unknown}
 f - a potion of heal wounds {unknown}
 g - 2 potions of curing {unknown}
 h - a potion of berserk rage {unknown}
 q - a potion of brilliance {unknown}
Comestibles
 c - 4 rations


   Skills:
 + Level 4.7 Fighting
 + Level 3.9 Axes
 + Level 4.0 Armour
 + Level 2.9 Dodging


You had 5 spell levels left.
You didn't know any spells.
Your spell library was empty.

Dungeon Overview and Level Annotations

Branches:
Dungeon (4/15)
 Temple: D:4-7

Altars:

Annotations:
D:4 Dowan


Innate Abilities, Weirdness & Mutations

You are resistant to torment.
Your stone body is resilient. (AC +4)
You are immune to poison.
You resist negative energy. (rN+)
You are resistant to electric shocks. (rElec)
You can survive without breathing.
You are immune to petrification.
You are immune to rotting.


Message History

Dowan barely misses you.
You hit Dowan.
Dowan is heavily wounded.
Dowan barely misses you. x2; Dowan hits you but does no damage.
You hit Dowan.
Dowan is severely wounded.
You feel the effects of Trog's Hand fading.
Dowan hits you but does no damage. Dowan barely misses you.
You completely miss Dowan.
Dowan is severely wounded.
Dowan barely misses you. Dowan gestures at you while chanting.
The stone arrow hits you.
* * * LOW HITPOINT WARNING * * *
Dowan hits you but does no damage.
You hit Dowan but do no damage.
Dowan is severely wounded.
Dowan points at you and mumbles some strange words.
The stone arrow hits you!
You die...

###############.......
#....................#
#.#############.####.#
#.# #.# #.# #.#
#.####.# #.# #......#
#.# ########
##.###########
#.....@.......
#....e.)......
#.............
#.............
#.............
#...........?.
#.............
#..........<..


You could see Dowan.

Vanquished Creatures
  Duvessa (D:4)
  10 adders
  3 worms
  4 dart slugs
  3 leopard geckos
  5 orcs (D:3)
  6 bats
  7 giant cockroaches
  8 goblins
  5 hobgoblins
  11 jackals
  9 kobolds
  A quokka (D:3)
  6 ball pythons
  5 frilled lizards
  7 rats
91 creatures vanquished.

Notes
Turn   | Place    | Note
-------+----------+-------------------------------------------
     0 | D:1      | Fang the Gargoyle Berserker began the quest for the Orb.
     0 | D:1      | Reached XP level 1. HP: 14/14 MP: 1/1
   299 | D:1      | Reached XP level 2. HP: 17/19 MP: 2/2
   540 | D:2      | Reached XP level 3. HP: 8/24 MP: 3/3
  1227 | D:2      | Reached ** piety under Trog
  1229 | D:2      | Reached XP level 4. HP: 11/29 MP: 4/4
  2124 | D:3      | Found a glowing drain.
  2149 | D:3      | Reached XP level 5. HP: 29/33 MP: 5/5
  2166 | Sewer    | Entered a sewer
  2870 | D:3      | Reached *** piety under Trog
  3466 | D:4      | Noticed Dowan
  3466 | D:4      | Noticed Duvessa
  3483 | D:4      | Killed Duvessa
  3483 | D:4      | Reached XP level 6. HP: 29/39 MP: 6/6
  3491 | D:4      | Killed from afar by Dowan

Skill      XL: |  1  2  3  4  5 |
---------------+----------------+-----
Axes           | 3 |  3.9
Dodging        | 2 |  2.9
Armour         | 3 4 |  4.0
Fighting       | 4 |  4.7

Action                   |  1- 3 |  4- 6 || total
-------------------------+-------+-------++-------
Melee: Hand axe          |   115 |   277 ||   392
Invok: Berserk           |     2 |     1 ||     3
       Trog's Hand       |       |     1 ||     1
  Eat: Chunk             |     2 |     9 ||    11
Armor: Animal skin       |    41 |   110 ||   151
Dodge: Dodged            |    81 |   206 ||   287
